 Dungeon Crawl Stone Soup version 0.30.1-11-g7821555f0a (webtiles) character file.

Game seed: 6993598641648059541

1675 FakeRyeBread the Cleaver (level 8, -9/75 HPs)
             Began as a Minotaur Fighter on Dec 20, 2023.
             Mangled by Duvessa
             ... wielding a +0 short sword
              (12 damage)
             ... on level 5 of the Dungeon on Jan 5, 2024.
             The game lasted 00:17:42 (4557 turns).

FakeRyeBread the Cleaver (Minotaur Fighter)         Turns: 4557, Time: 00:17:43

Health: -9/75      AC:  9    Str: 24    XL:     8   Next: 70%
Magic:  7/7        EV:  8    Int:  5    God:
Gold:   221        SH:  8    Dex:  9    Spells: 7/7 levels left

rFire   . . .        a - +0 war axe
rCold   . . .        g - +0 kite shield
rNeg    . . .        b - +0 scale mail
rPois   .            h - +1 hat
rElec   .            q - +0 cloak
rCorr   .            (no gloves)
SInv    .            (no boots)
Will    .....        (no amulet) Stlth
                     (no ring)
HPRegen 0.32/turn    (no ring)
MPRegen 0.10/turn

%: no passive effects
@: no status effects
A: horns 2, retaliatory headbutt
a: no special abilities


You were on level 5 of the Dungeon.
You visited 1 branch of the dungeon, and saw 5 of its levels.
You also visited: Sewer.

You collected 221 gold pieces.

Inventory:

Hand Weapons
 a - a +0 war axe (weapon)
Missiles
 o - 2 javelins (quivered)
Armour
 b - a +0 scale mail (worn)
 g - a +0 kite shield (worn)
 h - a +1 hat (worn)
 m - a +0 tower shield
 q - a +0 cloak (worn)
Wands
 j - a wand of light (11)
Scrolls
 i - a scroll of identify
 k - 2 scrolls of enchant weapon {unknown}
 l - a scroll of magic mapping
Potions
 c - 2 potions of mutation {unknown}
 d - a potion of might
 e - 3 potions of brilliance
 f - a potion of cancellation {unknown}
 r - 2 potions of berserk rage
 s - a potion of ambrosia {unknown}
 t - 2 potions of curing {unknown}


   Skills:
 + Level 8.5 Fighting
 * Level 11.1 Axes
 - Level 3.6 Armour
 - Level 3.6 Shields


You had 7 spell levels left.
You didn't know any spells.
Your spell library contained the following spells:

 Spells                   Type           Power      Damage    Failure   Level
 Ozocubu's Armour         Ice            0%         N/A       100%        3
 Ozocubu's Refrigeration  Ice            0%         4d7       100%        7


Dungeon Overview and Level Annotations

Branches:
Dungeon (5/15)              Sewer (visited)
 Temple: D:4-7

Altars:

Shops:
D:4 =

Annotations:
D:4 3 runed translucent doors, ritesign's ghost, amateur DgCj
D:5 Duvessa


Innate Abilities, Weirdness & Mutations

You have a pair of horns on your head.
You reflexively headbutt those who attack you in melee.


Message History

Duvessa is lightly wounded.
You barely miss Dowan. Dowan hits you but does no damage.
You block Duvessa's attack.
You hit Duvessa. You headbutt Duvessa!
Duvessa is moderately wounded.
You slash Dowan!
You kill Dowan!
Duvessa screams in rage.
Duvessa goes berserk!
Duvessa hits you with a +0 short sword. You block Duvessa's attack.
You slash Duvessa! You headbutt Duvessa.
Duvessa is severely wounded.
Duvessa hits you with a +0 short sword.
You closely miss Duvessa.
Duvessa is severely wounded.
You block Duvessa's attack. Duvessa hits you with a +0 short sword.
You closely miss Duvessa.
Duvessa is severely wounded.
Duvessa barely misses you. You furiously retaliate!
You headbutt Duvessa. You block Duvessa's attack.
You barely miss Duvessa.
Duvessa is severely wounded.
You block Duvessa's attack.
You hit Duvessa but do no damage. Your headbutt misses Duvessa.
Duvessa is severely wounded.
Duvessa hits you with a +0 short sword! Duvessa barely misses you.
You hit Duvessa.
Duvessa is severely wounded.
Duvessa hits you with a +0 short sword!
* * * LOW HITPOINT WARNING * * *
You hit Duvessa. You headbutt Duvessa.
Duvessa is almost dead.
Duvessa hits you with a +0 short sword!
* * * LOW HITPOINT WARNING * * *
Duvessa hits you with a +0 short sword.
* * * LOW HITPOINT WARNING * * *
You closely miss Duvessa.
Duvessa is almost dead.
You block Duvessa's attack. Duvessa hits you with a +0 short sword!
You die...

###..... .#....
...... #. ....
##.##... .
#...#..#
#.###..#)e## .
##........@.# ...
........##..#....
....#..#.........
. ...##...##.....
##. #.#.<###
....#
#..######....##
...#
##....#.......#
...
............###
... .......#....#


You could see Duvessa (berserk).

Vanquished Creatures
  Pikel (D:5)
  Grinder (D:3)
  Pargi (Sewer)
  2 ogres (D:4)
  A centaur (D:4)
  2 lemures (D:5)
  2 scorpions
  Dowan (D:5)
  A hound (D:4)
  Crazy Yiuf (D:2)
  3 orc priests (D:3)
  Natasha (thrice) (D:2)
  An iguana (D:4)
  4 orc wizards
  Robin (D:2)
  2 river rats (D:3)
  7 adders
  2 worms
  2 dart slugs
  7 orcs
  9 endoplasms
  3 giant cockroaches
  15 goblins
  5 hobgoblins
  2 jackals (D:1)
  5 quokkas
  5 ball pythons
  11 bats
  5 frilled lizards
  5 kobolds
  12 rats
122 creatures vanquished.

Notes
Turn   | Place    | Note
-------+----------+-------------------------------------------
     0 | D:1      | FakeRyeBread the Minotaur Fighter began the quest for the
                  | Orb.
     0 | D:1      | Reached XP level 1. HP: 19/19 MP: 0/0
    58 | D:1      | Reached skill level 3 in Axes
    80 | D:1      | Reached XP level 2. HP: 27/27 MP: 1/1
   350 | D:1      | Reached XP level 3. HP: 33/33 MP: 2/2
   726 | D:2      | Reached skill level 4 in Axes
   978 | D:2      | Noticed Natasha
   988 | D:2      | HP: 1/34 [Natasha (7)]
   990 | D:2      | Killed Natasha
   991 | D:2      | Reached XP level 4. HP: 2/41 MP: 3/3
  1344 | D:2      | Noticed Natasha
  1351 | D:2      | Killed Natasha
  1352 | D:2      | Reached skill level 5 in Axes
  1376 | D:2      | Noticed Natasha
  1384 | D:2      | Killed Natasha
  1482 | D:2      | Reached skill level 5 in Fighting
  1482 | D:2      | Reached XP level 5. HP: 44/48 MP: 4/4
  1554 | D:2      | Identified the +1 helmet of Weightlessness {Dex+4}
  1554 | D:2      | Noticed Robin
  1571 | D:2      | Killed Robin
  1897 | D:2      | Found a runed translucent door.
  1898 | D:2      | Noticed Crazy Yiuf
  1904 | D:2      | Killed Crazy Yiuf
  2096 | D:3      | Reached skill level 6 in Axes
  2126 | D:3      | Reached XP level 6. HP: 37/56 MP: 5/5
  2247 | D:3      | Found a glowing drain.
  2270 | Sewer    | Entered a sewer
  2294 | Sewer    | Noticed Pargi
  2307 | Sewer    | Killed Pargi
  2308 | Sewer    | Reached skill level 7 in Axes
  2409 | D:3      | Noticed Grinder
  2409 | D:3      | Paralysed by Grinder for 4 turns
  2419 | D:3      | Killed Grinder
  2420 | D:3      | Reached skill level 8 in Axes
  2420 | D:3      | Reached XP level 7. HP: 29/64 MP: 6/6
  3475 | D:4      | Found Qeluc's Jewellery Emporium.
  3490 | D:4      | Reached skill level 9 in Axes
  3526 | D:4      | Reached XP level 8. HP: 67/73 MP: 7/7
  3861 | D:4      | Noticed ritesign's ghost (amateur DgCj)
  3890 | D:4      | Found a runed translucent gate.
  3890 | D:4      | Found a runed translucent gate.
  3890 | D:4      | Found a runed translucent gate.
  4337 | D:5      | Entered Level 5 of the Dungeon
  4337 | D:5      | Noticed Pikel
  4355 | D:5      | Killed Pikel
  4356 | D:5      | Reached skill level 11 in Axes
  4540 | D:5      | Noticed Dowan
  4540 | D:5      | Noticed Duvessa
  4549 | D:5      | Killed Dowan
  4556 | D:5      | HP: 2/75 [Duvessa/+0 short sword (3)]
  4557 | D:5      | Mangled by Duvessa

Illustrated notes

Levels and vault maps discovered:
D:1:      elethiomel_arrival_infinity_welcomes_careful_drivers, layout_rooms
D:2:      layout_loops_corners, minivault_26, st_stairs_8,
          uniq_crazy_yiuf_cottage, uniq_robin, uniq_natasha
D:3:      layout_basic, portal_sewer_entry_a, uniq_grinder
D:4:      layout_loops_ring, gammafunk_ghost_icy, serial_shops,
          nicolae_shop_just_a_little_nook, minivault_14
D:5:      layout_cave_pools, tgw_xom, minmay_temple_entry_statues_pillars,
          serial_shops, shop, uniq_blork_the_orc, uniq_pikel, uniq_menkaure,
          uniq_duvessa

Skill      XL: |  1  2  3  4  5  6  7  8 |
---------------+-------------------------+-----
Axes           | 3 4 5 6 8 9 11 | 11.1
Fighting       | 4 5 6 7 8 |  8.5
Armour         | |  3.6
Shields        | |  3.6

Action                     |  1- 3 |  4- 6 |  7- 9 || total
---------------------------+-------+-------+-------++-------
  Melee: War axe           |    79 |   104 |   110 ||   293
         Headbutt          |    16 |    16 |    18 ||    50
    Use: Potion            |       |     1 |       ||     1
         Scroll            |       |       |     9 ||     9
 Armour: Scale mail        |    39 |    64 |    37 ||   140
  Dodge: Dodged            |    26 |    45 |    24 ||    95
  Block: Kite shield       |    30 |    50 |    49 ||   129
         Buckler           |     1 |       |       ||     1
